 Dungeon Crawl Stone Soup version 0.21.1-1-g345015f (webtiles) character file.

8344 kae the Frost Mage (level 11, -10/90 HPs)
             Began as a Merfolk Ice Elementalist on June 29, 2018.
             Was a Priest of Sif Muna.
             Mangled by a troll (11 damage)
             ... on level 10 of the Dungeon.
             The game lasted 00:16:10 (15087 turns).

kae the Frost Mage (Merfolk Ice Elementalist)      Turns: 15087, Time: 00:16:10

Health: -10/90     AC:  8    Str: 11    XL:     11   Next: 29%
Magic:  0/23       EV: 13    Int: 14    God:    Sif Muna [***...]
Gold:   718        SH:  0    Dex: 19    Spells: 17/27 levels left

rFire    + . .     SeeInvis .   O - +0 trident
rCold    . . .     Gourm    .   (no shield)
rNeg     + . .     Faith    .   m - +1 leather armour
rPois    .         Spirit   +   i - +0 helmet
rElec    .         Reflect  .   (no cloak)
rCorr    .         Harm     .   A - +1 pair of gloves {Dex+3}
MR       .....                  r - +0 pair of boots
Stlth    ++........             g - amulet of guardian spirit
HPRegen  0.25/turn              j - ring of protection from fire
MPRegen  0.18/turn              l - ring of positive energy

@: studying Axes
A: change form in water, swift swim, stealthy swim
a: Divine Energy, Channel Magic, Renounce Religion


You were on level 10 of the Dungeon.
You worshipped Sif Muna.
Sif Muna was most pleased with you.
You were near starving.

You visited 2 branches of the dungeon, and saw 11 of its levels.

You collected 718 gold pieces.

Inventory:

Hand Weapons
 h - a +1 flail
 u - a +0 flail of draining
 O - a +0 trident (weapon)
Armour
 i - a +0 helmet (worn)
 m - a +1 leather armour (worn)
 r - a +0 pair of boots (worn)
 A - a +1 pair of gloves of dexterity (worn)
Jewellery
 g - an amulet of guardian spirit (around neck)
 j - a ring of protection from fire (left hand)
 l - a ring of positive energy (right hand)
 n - an uncursed ring of flight
 v - an uncursed amulet of the gourmand
 y - an uncursed amulet of harm
Wands
 a - a wand of disintegration (33)
 o - a wand of scattershot (5)
 x - a wand of paralysis (8)
 B - a wand of acid (9)
 I - a wand of iceblast (5)
Scrolls
 d - 9 scrolls of remove curse
 e - 4 scrolls of amnesia
 q - 3 scrolls of teleportation
 s - 5 scrolls of enchant weapon
 w - 3 scrolls of identify
 D - 2 scrolls of magic mapping
 G - a scroll of enchant armour
Potions
 f - a potion of invisibility
 p - a potion of magic
 t - 2 potions of mutation
 C - a potion of brilliance
 E - a potion of cancellation
 J - 2 potions of curing
 K - a potion of heal wounds
Books
 b - a book of Frost

   Spells                             Type                      Level
   a - Freeze                         Ice                          1
   b - Throw Frost                    Conjuration/Ice              2
   c - Ozocubu's Armour               Charms/Ice                   3
   d - Throw Icicle                   Conjuration/Ice              4
   e - Summon Ice Beast               Ice/Summoning                4
 z - a manual of Axes
 F - a book of Flames

   Spells                             Type                      Level
   a - Flame Tongue                   Conjuration/Fire             1
   b - Throw Flame                    Conjuration/Fire             2
   c - Conjure Flame                  Conjuration/Fire             3
   d - Inner Flame                    Hexes/Fire                   3
   e - Sticky Flame                   Conjuration/Fire             4
   f - Fireball                       Conjuration/Fire             5
 H - a book of Callings

   Spells                             Type                      Level
   a - Summon Small Mammal            Summoning                    1
   b - Call Imp                       Summoning                    2
   c - Call Canine Familiar           Summoning                    3
   d - Summon Guardian Golem          Hexes/Summoning              3
   e - Summon Lightning Spire         Summoning/Air                4
   f - Summon Ice Beast               Ice/Summoning                4
 L - a Young Poisoner's Handbook

   Spells                             Type                      Level
   a - Sting                          Conjuration/Poison           1
   b - Poisonous Vapours              Poison/Air                   2
   c - Mephitic Cloud                 Conjuration/Poison/Air       3
   d - Olgreb's Toxic Radiance        Poison                       4
   e - Venom Bolt                     Conjuration/Poison           5
Comestibles
 c - 13 rations


   Skills:
 + Level 9.8 Fighting
 + Level 1.7 Polearms
 - Level 2.6 Dodging
 - Level 2.1 Stealth
 + Level 8.5 Spellcasting
 - Level 0.7 Conjurations
 + Level 10.4 Ice Magic
 + Level 7.8 Invocations


You had 17 spell levels left.
You knew the following spells:

 Your Spells              Type           Power        Failure   Level  Hunger
a - Freeze                Ice            ####         1%          1    None
b - Throw Frost           Conj/Ice       ###...       2%          2    None
c - Ozocubu's Armour      Chrm/Ice       ###.....     5%          3    ##.....
d - Throw Icicle          Conj/Ice       ###.....     16%         4    ####...


Dungeon Overview and Level Annotations

Branches:
Dungeon (10/15)            Temple (1/1) D:5             Orc (0/2) D:10
   Lair: D:8-11

Altars:
Ashenzari
Cheibriados
Dithmenos
Elyvilon
Fedhas
Gozag
Hepliaklqana
Kikubaaqudgha
Makhleb
Nemelex Xobeh
Okawaru
Qazlal
Ru
Sif Muna
Trog
Uskayaw
Vehumet
Wu Jian
Xom
Yredelemnul
Zin
The Shining One

Shops:
D:10 [


Message History

* * * LOW HITPOINT WARNING * * *
The troll closely misses you. The troll claws you but does no damage.
You closely miss the troll.
The troll is moderately wounded.
The troll bites you but does no damage. The troll claws you.
* * * LOW HITPOINT WARNING * * *
The troll closely misses you. The troll barely misses you. The troll claws you.
* * * LOW HITPOINT WARNING * * *
The troll claws you but does no damage.
You closely miss the troll.
The troll is moderately wounded.
The troll bites you!
* * * LOW HITPOINT WARNING * * *
The troll closely misses you. The troll claws you.
* * * LOW HITPOINT WARNING * * *
You barely miss the troll.
The troll is moderately wounded.
The troll completely misses you. The troll closely misses you.
The troll claws you!
You die...

#.####### ##.......## ##.##...#
#.#.#...####.........####...#...#
#..........'.........'...........
#.......####.........####...#.#.#
#.#.##..# ##.......## ##......#
........# ##.....## ####.###
#.#.##..# ##.g.## #.# #.#.##..#
##T############.#
#.#.##..########@# #.......##.#
#.#.##..#...)....# #..>....##.#
........#.#####..###........#.#
#.......#.# ##...##..........#
###.#####.####.....#........###
#.........................#
#######.#####..###........# #.#
#.## ##.#####.# #.#####.#
#.......#


You could see a troll and a gnoll.

Vanquished Creatures
  4 two-headed ogres
  The ghost of HedoNNN the Skirmisher, a novice HOFi of Beogh (D:6)
  The ghost of tidbits the Grave Robber, an amateur GnNe of Cheibriados (D:4)
  A hippogriff (D:9)
  A wyvern (D:10)
  2 hungry ghosts
  Edmund (D:4)
  A water moccasin (D:5)
  3 orc warriors (D:10)
  3 sky beasts
  A phantom (D:4)
  2 ice beasts
  6 ogres
  4 centaurs
  2 big kobolds
  4 bullfrogs
  3 scorpions
  16 killer bees
  4 wights (D:6)
  2 howler monkeys (D:6)
  7 crimson imps
  A centaur zombie (D:10)
  A jelly (D:9)
  2 bullfrog skeletons
  4 hounds
  3 orc priests
  11 orc wizards
  2 centaur skeletons
  An iguana (D:10)
  4 worker ants
  A killer bee zombie (D:7)
  Robin (D:3)
  2 worker ant zombies
  10 adders
  A shadow imp (D:7)
  2 oozes
  2 adder skeletons
  A worm (D:4)
  A dart slug (D:2)
  8 leopard geckos
  34 orcs
  3 ball pythons
  8 bats
  4 giant cockroaches
  15 goblins
  7 hobgoblins
  11 jackals
  5 quokkas
  10 frilled lizards
  A giant cockroach zombie (D:5)
  8 kobolds
  A quokka skeleton (D:5)
  7 rats
241 creatures vanquished.

Vanquished Creatures (others)
  A hound zombie (D:6)
1 creature vanquished.

Grand Total: 242 creatures vanquished

Notes
Turn   | Place    | Note
-------+----------+-------------------------------------------
     0 | D:1      | kae the Merfolk Ice Elementalist began the quest for the Orb.
     0 | D:1      | Reached XP level 1. HP: 13/13 MP: 3/3
   244 | D:1      | Reached XP level 2. HP: 19/20 MP: 1/5
   405 | D:1      | Reached skill level 1 in Fighting
   574 | D:1      | Learned a level 2 spell: Throw Frost
   659 | D:2      | Reached XP level 3. HP: 23/26 MP: 1/6
  1076 | D:2      | Reached skill level 4 in Ice Magic
  1699 | D:3      | Reached XP level 4. HP: 30/33 MP: 8/8
  2204 | D:3      | Noticed Robin
  2248 | D:3      | Killed Robin
  2764 | D:4      | Reached XP level 5. HP: 16/39 MP: 1/9
  3033 | D:4      | Noticed a phantom
  3133 | D:4      | Killed a phantom
  3133 | D:4      | Reached skill level 5 in Ice Magic
  3133 | D:4      | Reached XP level 6. HP: 16/47 MP: 5/11
  3245 | D:4      | Noticed tidbits's ghost (amateur GnNe)
  4001 | D:4      | Noticed Edmund
  4032 | D:4      | Killed Edmund
  4207 | D:4      | Reached XP level 7. HP: 31/54 MP: 7/13
  4614 | D:4      | Found a stormy altar of Qazlal.
  4639 | D:4      | Found a transporter.
  4640 | D:4      | Found a sacrificial altar of Ru.
  4830 | D:4      | Killed tidbits's ghost
  4830 | D:4      | Reached skill level 6 in Ice Magic
  5115 | D:4      | Found a transporter.
  5406 | D:5      | Entered Level 5 of the Dungeon
  5512 | D:5      | Reached skill level 5 in Fighting
  5709 | D:5      | Reached XP level 8. HP: 62/62 MP: 12/15
  5831 | D:5      | Found an iron altar of Okawaru.
  5854 | D:5      | Found a staircase to the Ecumenical Temple.
  5894 | Temple   | Entered the Ecumenical Temple
  5953 | Temple   | Became a worshipper of Sif Muna the Loreminder
  6019 | D:5      | Reached skill level 5 in Spellcasting
  6414 | D:6      | Reached skill level 7 in Ice Magic
  6414 | D:6      | Reached skill level 1 in Invocations
  6419 | D:6      | Learned a level 3 spell: Ozocubu's Armour
  6710 | D:6      | Found a radiant altar of Vehumet.
  7184 | D:6      | Noticed HedoNNN's ghost (novice HOFi)
  7206 | D:6      | HP: 2/65 [HedoNNN's ghost (11)]
  7207 | D:6      | Killed HedoNNN's ghost
  7207 | D:6      | Reached * piety under Sif Muna
  7207 | D:6      | Reached XP level 9. HP: 2/71 MP: 0/18
  8494 | D:7      | Identified a scroll of acquirement
  8514 | D:7      | Reached skill level 8 in Ice Magic
  9559 | D:8      | HP: 3/73 [killer bee (7)]
  9580 | D:8      | HP: 3/73 [poisoned by a killer bee]
  9587 | D:8      | HP: 2/73 [poisoned by a killer bee]
  9594 | D:8      | HP: 1/73 [poisoned by a killer bee]
  9602 | D:8      | HP: 1/73 [poisoned by a killer bee]
 10034 | D:8      | Reached skill level 5 in Invocations
 10111 | D:8      | Reached XP level 10. HP: 30/80 MP: 2/20
 10519 | D:8      | Reached skill level 9 in Ice Magic
 10523 | D:8      | Reached ** piety under Sif Muna
 10679 | D:8      | Noticed a two-headed ogre
 10697 | D:8      | Killed a two-headed ogre
 11156 | D:8      | Noticed a two-headed ogre
 11169 | D:8      | Killed a two-headed ogre
 11674 | D:8      | Found a basalt altar of Yredelemnul.
 11902 | D:9      | Noticed a two-headed ogre
 11914 | D:9      | Killed a two-headed ogre
 12601 | D:9      | Noticed a two-headed ogre
 12610 | D:9      | Killed a two-headed ogre
 12610 | D:9      | Reached skill level 10 in Ice Magic
 12610 | D:9      | Reached XP level 11. HP: 76/89 MP: 7/23
 12650 | D:9      | Learned a level 4 spell: Throw Icicle
 13174 | D:9      | Found an ornate altar of the Wu Jian Council.
 13174 | D:9      | Found a shimmering altar of Xom.
 13183 | D:9      | Reached *** piety under Sif Muna
 13500 | D:10     | Entered Level 10 of the Dungeon
 13798 | D:10     | Found Segiet's Antique Armour Boutique.
 14378 | D:10     | Reached skill level 1 in Polearms
 14982 | D:10     | Found a staircase to the Orcish Mines.
 15086 | D:10     | HP: 1/90 [troll (6)]
 15087 | D:10     | Mangled by a troll

Skill      XL: |  1  2  3  4  5  6  7  8  9 10 11 |
---------------+----------------------------------+-----
Fighting       | 1 2 3 4 5 6 8 9 |  9.8
Ice Magic      | 4 5 6 7 8 10 | 10.4
Spellcasting   | 3 4 6 7 8 |  8.5
Invocations    | 3 5 7 |  7.8
Polearms       | 1 |  1.7
Dodging        | |  2.6
Stealth        | |  2.1
Conjurations   | |  0.7

Action                   |  1- 3 |  4- 6 |  7- 9 | 10-12 || total
-------------------------+-------+-------+-------+-------++-------
Melee: Unarmed           |    15 |       |       |       ||    15
       Flail             |    45 |   131 |   269 |    96 ||   541
       Trident           |       |       |       |    61 ||    61
 Cast: Freeze            |    39 |    56 |   130 |   151 ||   376
       Throw Frost       |       |     2 |    18 |    47 ||    67
       Ozocubu's Armour  |       |       |    11 |     3 ||    14
       Throw Icicle      |       |       |       |    10 ||    10
Evoke: Wand              |       |       |     4 |       ||     4
  Use: Scroll            |     6 |     5 |    10 |     3 ||    24
       Potion            |       |     5 |     2 |     4 ||    11
 Stab: Sleeping          |     2 |     3 |     2 |     3 ||    10
       Distracted        |     1 |       |       |       ||     1
  Eat: Chunk             |     3 |     9 |    18 |    13 ||    43
       Ration            |       |       |     3 |     2 ||     5
Armor: Robe              |    15 |       |       |       ||    15
       Leather armour    |    13 |    42 |   147 |    96 ||   298
       Skin              |       |    32 |       |    50 ||    82
Dodge: Dodged            |    64 |   119 |   289 |   206 ||   678
